 Dungeon Crawl Stone Soup version 0.31-a0-1616-gbeaec30b81 (webtiles) character file.

Game seed: 10450020369048297441

657 MisterAzrael the Magician (level 7, -4/73 HPs)
             Began as a Djinni Fire Elementalist on Jan 10, 2024.
             Engulfed by a cloud of flame (17 damage)
             ... on level 4 of the Dungeon.
             The game lasted 00:05:26 (3714 turns).

MisterAzrael the Magician (DjFE)                    Turns: 3714, Time: 00:05:26

Health: -4/73      AC: 23    Str:  9    XL:     7   Next: 85%
Gold:   151        EV:  2    Int: 17    God:
                   SH:  0    Dex: 13

rFire   . . .        o - +4 flail (venom)
rCold   . . .        (no shield)
rNeg    . . .        a - melded +0 robe
rPois   ∞            r - melded +0 helmet
rElec   .            t - melded +0 cloak
rCorr   .            (gloves currently unavailable)
SInv    .            (boots unavailable)
Will    .....        (no amulet)
Stlth   ++           (no ring)
HPRegen 0.32/turn    (no ring)
MPRegen 0.00/turn

%: infuse magic (-5 HP)
@: tree-form, attractive
A: stationary, stasis, torment immunity, boosted hp, sickness immunity, (fire
resistance 2), (cold vulnerability 1), float, innate caster, HP casting, extra
vitality 1
a: no special abilities


You were on level 4 of the Dungeon.
You were a tree.
You visited 1 branch of the dungeon, and saw 4 of its levels.

You collected 151 gold pieces.

Inventory:

Hand Weapons
 k - a +0 war axe
 o - a +4 flail of venom (weapon)
Armour
 a - a +0 robe (melded)
 r - a +0 helmet (melded)
 t - a +0 cloak (melded)
 u - a +0 leather armour
Talismans
 l - a granite talisman
Scrolls
 c - a scroll of fear {unknown}
 e - 8 scrolls of identify {unknown}
 f - 2 scrolls of blinking {unknown}
 g - 2 scrolls of fog {unknown}
 j - 2 scrolls of noise {unknown}
 m - a scroll of immolation {unknown}
 q - 2 scrolls of amnesia {unknown}
Potions
 h - a potion of lignification
 n - a potion of haste {unknown}
 p - a potion of berserk rage {unknown}
 s - a potion of mutation {unknown}


   Skills:
 - Level 2.1 Fighting
 - Level 0.2(1.4) Axes
 + Level 2.4 Maces & Flails
 + Level 3.5 Armour
 - Level 2.1 Dodging
 - Level 1.5 Stealth
 + Level 3.9 Spellcasting
 + Level 3.9 Conjurations
 + Level 3.9 Hexes
 + Level 3.9 Summonings
 + Level 3.9 Necromancy
 + Level 3.9 Translocations
 + Level 3.9 Fire Magic
 + Level 3.9 Ice Magic
 + Level 3.9 Air Magic
 + Level 3.9 Earth Magic
 + Level 3.9 Alchemy
 * Level 3.7 Shapeshifting


You knew the following spells:

 Your Spells              Type           Power      Damage    Failure   Level
a - Foxfire               Conj/Fire      64%        2x1d7     3%          1
b - Scorch                Fire           32%        2d6       4%          2
c - Volatile Blastmotes   Fire/Tloc      32%        2d12      10%         3
d - Inner Flame           Hex/Fire       16%        N/A       10%         3
e - Flame Wave            Conj/Fire      16%        2d7       32%         4
f - Magic Dart            Conj           64%        1d6       3%          1
g - Blink                 Tloc           32%        N/A       4%          2
h - Fugue of the Fallen   Necr           16%        N/A       10%         3
Your spell library was empty.

Dungeon Overview and Level Annotations

Branches:
Dungeon (4/15)
 Temple: D:4-7

Altars:


Innate Abilities, Weirdness & Mutations

You are a tree.
Your roots penetrate the ground, keeping you stationary.
You cannot be teleported.
You are immune to unholy pain and torment.
Your maximum health is greatly increased.
Your equipment is partially melded.
You are immune to sickness and miasma.
You are immune to poison.
((Your flesh is very heat resistant. (rF++)))
((You are vulnerable to cold. (rC-)))
You float through the air rather than walking.
You learn spells naturally, not from books.
Your magical power is your life essence.
You have superior vitality. (+4 MHP)


Message History

Okay, then.
You hit Pikel.
Flame seeps out of Pikel.
Pikel is poisoned.
Pikel is lightly wounded.
Pikel is engulfed in blazing flames.
Flame seeps out of Pikel.
Pikel hits you but does no damage.
It was a potion of heal wounds.
You feel much better.
Flame seeps out of Pikel.
Pikel is engulfed in blazing flames.
Flame seeps out of Pikel.
Pikel hits you but does no damage.
You hit Pikel but do no damage.
Pikel looks as sick as possible!
Pikel is heavily wounded.
Flame seeps out of Pikel.
Pikel is engulfed in blazing flames.
Flame seeps out of Pikel.
Pikel hits you with a +1 whip of flaming.
Pikel burns you.
You closely miss Pikel.
Pikel is severely wounded.
Flame seeps out of Pikel.
Pikel is engulfed in blazing flames.
With Pikel's spell broken, his former minions thank you for their freedom.
The lemure departs this earthly plane. x2
Pikel explodes!
The fiery explosion engulfs you!
The fiery explosion engulfs the giant cockroach!
You kill the giant cockroach!
Your Maces & Flails skill increases to level 2!
Your Armour skill increases to level 3!
Your Shapeshifting skill increases to level 3!
You have reached level 7!
The power to cast Fugue of the Fallen wells up from within.
Spell assigned to 'h'.
You cannot move.
You're standing in a cloud of flame!
You are engulfed in blazing flames.
* * * LOW HITPOINT WARNING * * *
You are engulfed in blazing flames.
* * * LOW HITPOINT WARNING * * *
It was a potion of attraction.
You feel attractive to monsters.
You are engulfed in blazing flames.
It was a potion of curing.
You feel better.
You are engulfed in blazing flames.
You die...

..........##########...........
...............#.............##
...............#...÷.........#
...............#.............#
.....###+#.....#.......)....##
.........+.....#.......)#####
......##.#.....#........#
........<#.....###†####.#
...............'♣)....#'##...
...............#####.........
#####.##.#.####.# #.........
### #.##......#.# #...B.....
..# ######.##...####........w
#.# #.........+......... #+##
#....#+####.........
...#######.......# #........#
...'.....[.......# #........#


There were no monsters in sight!

Vanquished Creatures
  Pikel (D:4)
  A scorpion (D:4)
  Terence (D:2)
  2 adders (D:3)
  2 dart slugs
  2 ribbon worms (D:3)
  8 ball pythons
  6 endoplasms
  7 giant cockroaches
  8 goblins
  3 hobgoblins
  15 jackals
  11 kobolds
  6 quokkas
  7 bats
  3 frilled lizards
  4 rats
87 creatures vanquished.

Vanquished Creatures (others)
  79 foxfires
79 creatures vanquished.

Grand Total: 166 creatures vanquished

Notes
Turn   | Place    | Note
-------+----------+-------------------------------------------
     0 | D:1      | MisterAzrael the Djinni Fire Elementalist began the quest
                  | for the Orb.
     0 | D:1      | MisterAzrael set off with the following spells memorised:
                  | Foxfire, Scorch, Volatile Blastmotes, Inner Flame, Flame
                  | Wave.
     0 | D:1      | Reached XP level 1. HP: 15/15 MP: 0/0
    72 | D:1      | Reached skill level 1 in Fighting
    72 | D:1      | Reached XP level 2. HP: 4/22 MP: 0/0
   399 | D:1      | Reached XP level 3. HP: 24/27 MP: 0/0
   399 | D:1      | Learned a level 1 spell: Magic Dart
   441 | D:1      | Reached skill level 1 in Armour
  1277 | D:2      | Reached XP level 4. HP: 23/33 MP: 0/0
  1359 | D:2      | Noticed Terence
  1376 | D:2      | Killed Terence
  1895 | D:2      | Reached skill level 1 in Shapeshifting
  2286 | D:3      | Reached XP level 5. HP: 18/38 MP: 0/0
  2286 | D:3      | Learned a level 2 spell: Blink
  3353 | D:4      | Reached skill level 1 in Maces & Flails
  3353 | D:4      | Reached XP level 6. HP: 27/43 MP: 0/0
  3687 | D:4      | Noticed Pikel
  3710 | D:4      | Killed Pikel
  3711 | D:4      | Reached XP level 7. HP: 26/49 MP: 0/0
  3711 | D:4      | Learned a level 3 spell: Fugue of the Fallen
  3712 | D:4      | HP: 2/73 [cloud of flame (11)]
  3714 | D:4      | Engulfed by a cloud of flame

Illustrated notes

Levels and vault maps discovered:
D:1:      sevenhm_arrival_forest_fort_small_3, layout_loops_ring
D:2:      layout_basic, uniq_terence
D:3:      cheibrodos_helix_gallery, layout_basic, led_sif_pool, minmay_circle_x
D:4:      layout_basic, ashenzari_altar_1, nicolae_tso_swordbearing_angel,
          minmay_temple_entry_arrows, uniq_pikel

Skill      XL: |  1  2  3  4  5  6 |
---------------+-------------------+-----
Fighting       | 1 2 |  2.1
Armour         | 1 2 3 |  3.5
Shapeshifting  | 1 3 |  3.7
Maces & Flails | 1 2 |  2.4
Axes           | |  0.2
Dodging        | |  2.1
Stealth        | |  1.5
Spellcasting   | |  3.9
Conjurations   | |  3.9
Hexes          | |  3.9
Summonings     | |  3.9
Necromancy     | |  3.9
Translocations | |  3.9
Fire Magic     | |  3.9
Ice Magic      | |  3.9
Air Magic      | |  3.9
Earth Magic    | |  3.9
Alchemy        | |  3.9

Action                     |  1- 3 |  4- 6 |  7- 9 || total
---------------------------+-------+-------+-------++-------
  Melee: War axe           |     9 |     8 |       ||    17
         Flail             |       |    33 |       ||    33
         Punch             |       |     1 |       ||     1
   Cast: Foxfire           |    42 |     2 |       ||    44
         Magic Dart        |    41 |   104 |       ||   145
         Scorch            |       |     6 |       ||     6
         Inner Flame       |       |     2 |       ||     2
    Use: Potion            |       |     2 |     2 ||     4
 Armour: Robe              |    21 |    56 |       ||    77
         Skin              |       |    10 |     4 ||    14
  Dodge: Dodged            |    26 |    56 |       ||    82

Table legend: (Time is in decaauts)
 A = Elapsed time spent in this place.
 B = Non-inter-level travel time spent in this place.
 C = Inter-level travel time spent in this place.
 D = Time resting spent in this place.
 E = Time spent auto-exploring this place.
 F = Levels seen in this place.
 G = Mean time per level.
                   A        B        C        D        E       F      G
               +--------+--------+--------+--------+--------+-----+--------+
         Total |   3733 |   3597 |    136 |    862 |   2200 |   4 |  933.2 |
       Dungeon |   3733 |   3597 |    136 |    862 |   2200 |   4 |  933.2 |
               +--------+--------+--------+--------+--------+-----+--------+

Top non-repeatable levels by time:
     D:3: 1105 daAuts
     D:1: 1069 daAuts
     D:2: 1053 daAuts
     D:4: 504 daAuts
